TOP OF THE 1ST |
Beloit Snappers batting - Pitching for West Michigan Whitecaps : RHP Ricky Tercero
|
Pitching: RHP Ricky Tercero
|
|
Batting: RHB Dan Boylan
|
0-0: Foul Ball, location: 2F 0-1: Called Strike 0-2: Ball 1-2: Foul Ball, location: 2F 1-2: Ball 2-2: Foul Ball, location: 2F 2-2: Foul Ball, location: 2F 2-2: Strikes out swinging
|
Batting: RHB Scott Wiggs
|
0-0: Fly out, F8 (Flyball, 8RD, EV 101.2 MPH)
|
Batting: RHB Diwan Abdul-Salam
|
0-0: Ball 1-0: Ball 2-0: Ball 3-0: Base on Balls
|
Batting: RHB Kyle Waters
|
0-0: Called Strike 0-1: Fielders Choice at 2nd, 6-4 (Groundball, 6, EV 83.8 MPH)
|
Top of the 1st over - 0 runs, 0 hits, 0 errors, 1 left on base; Beloit 0 - West Michigan 0 |
BOTTOM OF THE 1ST |
West Michigan Whitecaps batting - Pitching for Beloit Snappers : RHP Mike Bowling
|
Pitching: RHP Mike Bowling
|
|
Batting: LHB Jeff Trapp
|
0-0: Called Strike 0-1: Ball 1-1: Called Strike 1-2: Ball 2-2: Strikes out swinging
|
Batting: LHB Gabe Mendez
|
0-0: Called Strike 0-1: Ball 1-1: Foul Ball, location: 2F 1-2: Ground out U3 (Groundball, 34, EV 81.2 MPH)
|
Batting: SHB Andy Vivas
|
0-0: Ball 1-0: Called Strike 1-1: Ball 2-1: Ball 3-1: Fly out, F9 (Flyball, 9, EV 81.9 MPH)
|
Bottom of the 1st over - 0 runs, 0 hits, 0 errors, 0 left on base; Beloit 0 - West Michigan 0 |
TOP OF THE 2ND |
Beloit Snappers batting - Pitching for West Michigan Whitecaps : RHP Ricky Tercero
|
Batting: RHB Manny Vizzerra
|
0-0: Foul Ball, location: 2F 0-1: Ball 1-1: Ball 2-1: Ground out 6-3 (Groundball, 6, EV 83.1 MPH)
|
Batting: RHB Rick Linders
|
0-0: Called Strike 0-1: Called Strike 0-2: Ground out 5-3 (Groundball, 5S, EV 89.4 MPH)
|
Batting: RHB Travis Lanctot
|
0-0: Ball 1-0: Ground out 6-3 (Groundball, 56D, EV 102.5 MPH)
|
Top of the 2nd over - 0 runs, 0 hits, 0 errors, 0 left on base; Beloit 0 - West Michigan 0 |
BOTTOM OF THE 2ND |
West Michigan Whitecaps batting - Pitching for Beloit Snappers : RHP Mike Bowling
|
Batting: RHB Bill Cabrera
|
0-0: Ball 1-0: Ball 2-0: Ball 3-0: Base on Balls
|
Batting: RHB Jon Pierce
|
0-0: Foul Ball, location: 2F 0-1: Ball 1-1: Called Strike 1-2: Strikes out swinging
|
Batting: RHB Victor Reyes
|
0-0: Swinging Strike 0-1: Fielders Choice at 2nd, 3-6 (Groundball, 34S, EV 82.5 MPH)
|
Batting: RHB Sergio Valbuena
|
0-0: Called Strike 0-1: Called Strike 0-2: Strikes out looking
|
Bottom of the 2nd over - 0 runs, 0 hits, 0 errors, 1 left on base; Beloit 0 - West Michigan 0 |
TOP OF THE 3RD |
Beloit Snappers batting - Pitching for West Michigan Whitecaps : RHP Ricky Tercero
|
Batting: LHB Raita Inouye
|
0-0: Swinging Strike 0-1: Ball 1-1: Foul Ball, location: 2F 1-2: Foul Ball, location: 2F 1-2: Ball 2-2: Strikes out swinging
|
Batting: RHB Brian Rathbun
|
0-0: Ball 1-0: Called Strike 1-1: Ball 2-1: Swinging Strike 2-2: Strikes out swinging
|
Batting: RHB Dan Boylan
|
0-0: Ball 1-0: Foul Ball, location: 2F 1-1: Ground out 5-3 (Groundball, 15, EV 80.0 MPH)
|
Top of the 3rd over - 0 runs, 0 hits, 0 errors, 0 left on base; Beloit 0 - West Michigan 0 |
BOTTOM OF THE 3RD |
West Michigan Whitecaps batting - Pitching for Beloit Snappers : RHP Mike Bowling
|
Batting: RHB Mike Patterson
|
0-0: Called Strike 0-1: Foul Ball, location: 2F 0-2: Strikes out swinging
|
Batting: RHB Rocky Hart
|
0-0: Called Strike 0-1: Called Strike 0-2: Ground out 6-3 (Groundball, 6, EV 110.6 MPH)
|
Batting: LHB Jeff Trapp
|
0-0: Called Strike 0-1: Swinging Strike 0-2: Strikes out swinging
|
Bottom of the 3rd over - 0 runs, 0 hits, 0 errors, 0 left on base; Beloit 0 - West Michigan 0 |
TOP OF THE 4TH |
Beloit Snappers batting - Pitching for West Michigan Whitecaps : RHP Ricky Tercero
|
Batting: RHB Scott Wiggs
|
0-0: Foul Ball, location: 2F 0-1: Swinging Strike 0-2: Ball 1-2: Ball 2-2: Strikes out looking
|
Batting: RHB Diwan Abdul-Salam
|
0-0: Called Strike 0-1: Ball 1-1: Ball 2-1: Ball 3-1: Fly out, F9 (Flyball, 9, EV 88.1 MPH)
|
Batting: RHB Kyle Waters
|
0-0: Called Strike 0-1: Foul Ball, location: 2F 0-2: Foul Ball, location: 2F 0-2: Foul Ball, location: 2F 0-2: Ball 1-2: Strikes out looking
|
Top of the 4th over - 0 runs, 0 hits, 0 errors, 0 left on base; Beloit 0 - West Michigan 0 |
BOTTOM OF THE 4TH |
West Michigan Whitecaps batting - Pitching for Beloit Snappers : RHP Mike Bowling
|
Batting: LHB Gabe Mendez
|
0-0: SINGLE (Groundball, 34D, EV 103.8 MPH)
|
Batting: SHB Andy Vivas
|
0-0: Fly out, F8 (Line Drive, 8LM, EV 88.1 MPH)
|
Batting: RHB Bill Cabrera
|
0-0: Grounds into double play, 4-6-3 (Groundball, 4, EV 87.5 MPH)
|
Bottom of the 4th over - 0 runs, 1 hit, 0 errors, 0 left on base; Beloit 0 - West Michigan 0 |
TOP OF THE 5TH |
Beloit Snappers batting - Pitching for West Michigan Whitecaps : RHP Ricky Tercero
|
Batting: RHB Manny Vizzerra
|
0-0: Called Strike 0-1: Foul Ball, location: 2F 0-2: Strikes out looking
|
Batting: RHB Rick Linders
|
0-0: Foul Ball, location: 2F 0-1: Swinging Strike 0-2: Ball 1-2: Ball 2-2: Foul Ball, location: 2F 2-2: Foul Ball, location: 2F 2-2: Ground out 6-3 (Groundball, 6, EV 81.9 MPH)
|
Batting: RHB Travis Lanctot
|
0-0: Foul Ball, location: 2F 0-1: Ball 1-1: Called Strike 1-2: Foul Ball, location: 2F 1-2: Foul Ball, location: 2F 1-2: Ball 2-2: Ball 3-2: Foul Ball, location: 2F 3-2: Strikes out swinging
|
Top of the 5th over - 0 runs, 0 hits, 0 errors, 0 left on base; Beloit 0 - West Michigan 0 |
BOTTOM OF THE 5TH |
West Michigan Whitecaps batting - Pitching for Beloit Snappers : RHP Mike Bowling
|
Batting: RHB Jon Pierce
|
0-0: Ball 1-0: Ball 2-0: Called Strike 2-1: Foul Ball, location: 2F 2-2: Strikes out swinging
|
Batting: RHB Victor Reyes
|
0-0: Fly out, F9 (Flyball, 9S, EV 88.1 MPH)
|
Batting: RHB Sergio Valbuena
|
0-0: Called Strike 0-1: Foul Ball, location: 2F 0-2: Ground out 6-3 (Groundball, 6S, EV 73.8 MPH)
|
Bottom of the 5th over - 0 runs, 0 hits, 0 errors, 0 left on base; Beloit 0 - West Michigan 0 |
TOP OF THE 6TH |
Beloit Snappers batting - Pitching for West Michigan Whitecaps : RHP Ricky Tercero
|
Batting: LHB Raita Inouye
|
0-0: Fly out, F8 (Flyball, 8RD, EV 91.9 MPH)
|
Batting: RHB Brian Rathbun
|
0-0: Ball 1-0: Ball 2-0: Fly out, F9 (Flyball, 9D, EV 104.4 MPH)
|
Batting: RHB Dan Boylan
|
0-0: Called Strike 0-1: SINGLE (Line Drive, 56D, EV 93.8 MPH)
|
Batting: RHB Scott Wiggs
|
0-0: Ball 1-0: Swinging Strike 1-1: Called Strike 1-2: Ball 2-2: Foul Ball, location: 2F 2-2: Strikes out swinging
|
Top of the 6th over - 0 runs, 1 hit, 0 errors, 1 left on base; Beloit 0 - West Michigan 0 |
BOTTOM OF THE 6TH |
West Michigan Whitecaps batting - Pitching for Beloit Snappers : RHP Mike Bowling
|
Batting: RHB Mike Patterson
|
0-0: Swinging Strike 0-1: Called Strike 0-2: Foul Ball, location: 2F 0-2: Ball 1-2: Ball 2-2: Ball 3-2: Strikes out swinging
|
Batting: RHB Rocky Hart
|
0-0: Ball 1-0: Fly out, F8 (Flyball, 8RS, EV 78.1 MPH)
|
Batting: LHB Jeff Trapp
|
0-0: Ball 1-0: Called Strike 1-1: Swinging Strike 1-2: Ball 2-2: Fly out, F7 (Flyball, 7D, EV 88.8 MPH)
|
Bottom of the 6th over - 0 runs, 0 hits, 0 errors, 0 left on base; Beloit 0 - West Michigan 0 |
TOP OF THE 7TH |
Beloit Snappers batting - Pitching for West Michigan Whitecaps : RHP Ricky Tercero
|
Pitching: RHP Daisuke Tashima
|
|
Batting: RHB Diwan Abdul-Salam
|
0-0: Ball 1-0: Ball 2-0: Swinging Strike 2-1: Foul Ball, location: 2F 2-2: Ball 3-2: Base on Balls
|
Pinch Hitting: SHB D.J. Codd
|
0-0: Ball 1-0: Fielders Choice at 2nd, 5-4 (Groundball, 56, EV 97.5 MPH)
|
Batting: LHB Nick Pacheco
|
0-0: Foul Ball, location: 2F 0-1: Ball 1-1: SINGLE (Line Drive, 6D, EV 105.0 MPH) D.J. Codd to second
|
Pinch Runner at 2nd Moses Brokken:
|
|
Batting: RHB Rick Linders
|
0-0: Ball Nick Pacheco steals 2nd base Moses Brokken steals 3rd base 1-0: Called Strike 1-1: Called Strike 1-2: Fly out, F9 (Flyball, 9, EV 91.2 MPH) Runner from 3rd tags up, SCORES, no throw by RF
|
Pinch Hitting: LHB Tom Raupp
|
0-0: Called Strike 0-1: Ball 1-1: 2-RUN HOME RUN (Flyball, 89XD, EV 99.4 MPH), Distance : 413 ft
|
Pitching: RHP Dave Frazier
|
|
Batting: LHB Raita Inouye
|
0-0: Swinging Strike 0-1: Ground out 1-3 (Groundball, 13S, EV 64.4 MPH)
|
Top of the 7th over - 3 runs, 2 hits, 0 errors, 0 left on base; Beloit 3 - West Michigan 0 |
BOTTOM OF THE 7TH |
West Michigan Whitecaps batting - Pitching for Beloit Snappers : RHP Mike Bowling
|
Now at 1B: Jim Conrad
|
|
Now at SS: Manny Moron
|
|
Batting: LHB Gabe Mendez
|
0-0: Called Strike 0-1: Ground out U3 (Groundball, 34, EV 105.6 MPH)
|
Batting: SHB Andy Vivas
|
0-0: Called Strike 0-1: SINGLE (Groundball, 3D, EV 106.2 MPH)
|
Batting: RHB Bill Cabrera
|
0-0: Called Strike 0-1: Ball 1-1: Swinging Strike 1-2: Fly out, F3 (Popup, 3S, EV 78.1 MPH)
|
Batting: RHB Jon Pierce
|
0-0: Ball 1-0: Fly out, F3 (Popup, 3S, EV 86.9 MPH)
|
Bottom of the 7th over - 0 runs, 1 hit, 0 errors, 1 left on base; Beloit 3 - West Michigan 0 |
TOP OF THE 8TH |
Beloit Snappers batting - Pitching for West Michigan Whitecaps : RHP Dave Frazier
|
Batting: RHB Brian Rathbun
|
0-0: Called Strike 0-1: Foul Ball, location: 2F 0-2: Strikes out looking
|
Batting: RHB Dan Boylan
|
0-0: Ground out 5-3 (Groundball, 56S, EV 86.9 MPH)
|
Batting: RHB Scott Wiggs
|
0-0: Foul Ball, location: 2F 0-1: Ball 1-1: Called Strike 1-2: Ball 2-2: Foul Ball, location: 2F 2-2: Foul Ball, location: 2F 2-2: Foul Ball, location: 2F 2-2: Ball 3-2: SINGLE (Groundball, 4MD, EV 100.0 MPH)
|
Batting: RHB Diwan Abdul-Salam
|
0-0: Called Strike 0-1: Ball 1-1: Called Strike 1-2: Ball 2-2: Foul Ball, location: 2F 2-2: Fly out, F9 (Flyball, 8RS, EV 88.1 MPH)
|
Top of the 8th over - 0 runs, 1 hit, 0 errors, 1 left on base; Beloit 3 - West Michigan 0 |
BOTTOM OF THE 8TH |
West Michigan Whitecaps batting - Pitching for Beloit Snappers : RHP Mike Bowling
|
Batting: RHB Victor Reyes
|
0-0: Ball 1-0: SINGLE (Line Drive, 6M, EV 100.0 MPH)
|
Batting: RHB Sergio Valbuena
|
0-0: Ball 1-0: Ball 2-0: Called Strike 2-1: SINGLE (Groundball, 6MD, EV 104.4 MPH) Victor Reyes to second
|
Batting: RHB Mike Patterson
|
0-0: Foul Ball, location: 2F 0-1: Called Strike 0-2: Ball 1-2: Ball 2-2: Foul Ball, location: 2F 2-2: Ball 3-2: Strikes out looking
|
Pitching: RHP Jan Cole
|
|
Batting: RHB Rocky Hart
|
0-0: SINGLE (Groundball, 6M, EV 105.0 MPH) (infield hit) Victor Reyes to third Sergio Valbuena to second
|
Batting: LHB Jeff Trapp
|
0-0: Called Strike 0-1: Called Strike 0-2: Ball 1-2: Ball 2-2: Strikes out swinging
|
Batting: LHB Gabe Mendez
|
0-0: Ball 1-0: Ball 2-0: Foul Ball, location: 2F 2-1: Ground out 4-3 (Groundball, 4D, EV 85.6 MPH)
|
Bottom of the 8th over - 0 runs, 3 hits, 0 errors, 3 left on base; Beloit 3 - West Michigan 0 |
TOP OF THE 9TH |
Beloit Snappers batting - Pitching for West Michigan Whitecaps : RHP Dave Frazier
|
Pitching: RHP David Esposito
|
|
Batting: RHB Manny Moron
|
0-0: Called Strike 0-1: Called Strike 0-2: Ground out 6-3 (Groundball, 6, EV 77.5 MPH)
|
Batting: LHB Nick Pacheco
|
0-0: Foul Ball, location: 2F 0-1: Ball 1-1: Ball 2-1: Fly out, F6 (Popup, 6M, EV 78.8 MPH)
|
Batting: RHB Rick Linders
|
0-0: Ball 1-0: Called Strike 1-1: Foul Ball, location: 2F 1-2: DOUBLE (Groundball, 5L, EV 105.6 MPH)
|
Batting: RHB Jim Conrad
|
0-0: Foul Ball, location: 2F 0-1: Ball 1-1: Called Strike 1-2: Foul Ball, location: 2F 1-2: Foul Ball, location: 2F 1-2: SINGLE (Groundball, 56D, EV 94.4 MPH) Rick Linders to third Runner from 3rd tries for Home, SAFE, throw by LF to home
|
Batting: LHB Raita Inouye
|
0-0: Foul Ball, location: 2F 0-1: Ball 1-1: Ball Wild Pitch! Jim Conrad to second 2-1: Foul Ball, location: 2F 2-2: Ground out 5-3 (Groundball, 56S, EV 78.1 MPH)
|
Top of the 9th over - 1 run, 2 hits, 0 errors, 1 left on base; Beloit 4 - West Michigan 0 |
BOTTOM OF THE 9TH |
West Michigan Whitecaps batting - Pitching for Beloit Snappers : RHP Jan Cole
|
Batting: SHB Andy Vivas
|
0-0: Swinging Strike 0-1: Foul Ball, location: 2F 0-2: Strikes out swinging
|
Batting: RHB Bill Cabrera
|
0-0: Ball 1-0: Ball 2-0: Ground out 5-3 (Groundball, 56S, EV 68.8 MPH)
|
Batting: RHB Jon Pierce
|
0-0: Ball 1-0: Foul Ball, location: 2F 1-1: Foul Ball, location: 2F 1-2: Ball 2-2: Strikes out swinging
|
Bottom of the 9th over - 0 runs, 0 hits, 0 errors, 0 left on base; Beloit 4 - West Michigan 0 |
|